 Dungeon Crawl Stone Soup version 0.31-b1-17-gcfd88c8481 (webtiles) character file.

Game seed: 16820087964940176712

45 groovy9 the Conjurer (level 3, -4/19 HPs)
             Began as a Deep Elf Conjurer on Jan 15, 2024.
             Slain by a sleepcap (13 damage)
             ... on level 1 of the Dungeon.
             The game lasted 00:02:49 (1085 turns).

groovy9 the Conjurer (Deep Elf Conjurer)            Turns: 1085, Time: 00:02:50

Health: -4/19      AC:  2    Str:  4    XL:     3   Next: 42%
Magic:  1/10       EV:  2    Int: 24    God:
Gold:   20         SH:  0    Dex: 13    Spells: 6/9 levels left

rFire   . . .        c - +0 short sword
rCold   . . .        (no shield)
rNeg    . . .        a - +0 robe
rPois   .            (no helmet)
rElec   .            (no cloak)
rCorr   .            (no gloves)
SInv    .            (no boots)
Will    .....        (no amulet)
Stlth   ++           (no ring)
HPRegen 0.23/turn    (no ring)
MPRegen 0.12/turn

%: no passive effects
@: sleeping
A: no striking features
a: no special abilities


You were on level 1 of the Dungeon.
You visited 1 branch of the dungeon, and saw 2 of its levels.

You collected 20 gold pieces.

Inventory:

Hand Weapons
 c - a +0 short sword (weapon)
Armour
 a - a +0 robe (worn)
Scrolls
 d - a scroll of identify {unknown}
 h - 2 scrolls of noise
Potions
 b - a potion of curing {unknown}
 e - a potion of brilliance {unknown}
 f - a potion of enlightenment {unknown}
 g - 2 potions of lignification {unknown}


   Skills:
 - Level 2.4 Dodging
 - Level 2.4 Stealth
 + Level 3.9 Spellcasting
 * Level 5.3 Conjurations


You had 6 spell levels left.
You knew the following spells:

 Your Spells              Type           Power      Damage    Failure   Level
a - Magic Dart            Conj           100%       1d8       1%          1
b - Searing Ray           Conj           60%        2d6       1%          2

Your spell library contained the following spells:

 Spells                   Type           Power      Damage    Failure   Level
 Fulminant Prism          Conj/Alch      8%         3d6       32%         4
 Iskenderun's Mystic Bla  Conj/Tloc      17%        2d5       32%         4


Dungeon Overview and Level Annotations

Branches:
Dungeon (2/15)

Altars:


Message History

The searing ray hits the sleepcap!
The sleepcap is severely damaged.
The searing ray hits the sleepcap.
The sleepcap is severely damaged.
The searing ray hits the sleepcap.
The sleepcap is almost destroyed.
You finish channelling your searing ray.
The sleepcap closely misses you. The sleepcap releases spores at you.
You are engulfed in a cloud of soporific spores!
You fall asleep.
The sleepcap releases spores at you.
You wake up.
Casting: Searing Ray (safe; 1% risk of failure)
Confirm with . or Enter, or press ? or * to list all spells.
You don't have enough magic to cast this spell.
Casting: Searing Ray (safe; 1% risk of failure)
Confirm with . or Enter, or press ? or * to list all spells.
Aiming: Magic Dart (safe; 1% risk of failure)
Press: ? - help, Shift-Dir - straight line, f/p - sleepcap
Aim: a sleepcap (almost destroyed, 100% to hit)
The magic dart hits the sleepcap but does no damage.
The sleepcap is almost destroyed.
The sleepcap barely misses you. The sleepcap releases spores at you.
You climb upwards.
There is a stone staircase leading down here.
You hit the sleepcap.
The sleepcap is almost destroyed.
The sleepcap barely misses you.
You hit the sleepcap but do no damage.
The sleepcap is almost destroyed.
The sleepcap barely misses you.
You hit the sleepcap.
The sleepcap is almost destroyed.
The sleepcap releases spores at you.
You are engulfed in a cloud of soporific spores!
You fall asleep.
The sleepcap releases spores at you!
Ouch! That really hurt!
You die...

#..########..........##.#
##...................##.#
########.#..........##.#
#.#.##.#......#.#
#...##..........#
##...#.#.#..#.###
##.........#.#
#####.#.f.##..#.#
#.....#@......#.#
#.##..##........#####
#.##..##..##........#
#.##........###.##.##
#.....##..#.######.#
#.######..#........# #.#
#.########### #.# #.#
##### #.#


You could see a sleepcap.

Vanquished Creatures
  An adder (D:2)
  A dart slug (D:1)
  5 ball pythons (D:1)
  4 endoplasms (D:1)
  A giant cockroach (D:1)
  2 goblins (D:1)
  A hobgoblin (D:1)
  6 jackals (D:1)
  A quokka (D:1)
  2 frilled lizards (D:1)
  4 kobolds (D:1)
  4 rats
32 creatures vanquished.

Notes
Turn   | Place    | Note
-------+----------+-------------------------------------------
     0 | D:1      | groovy9 the Deep Elf Conjurer began the quest for the Orb.
     0 | D:1      | Reached XP level 1. HP: 10/10 MP: 6/6
   128 | D:1      | Reached XP level 2. HP: 14/15 MP: 5/8
   251 | D:1      | Learned a level 2 spell: Searing Ray
   375 | D:1      | Reached skill level 5 in Conjurations
   623 | D:1      | Reached XP level 3. HP: 10/19 MP: 6/10
  1085 | D:1      | Slain by a sleepcap

Illustrated notes

Levels and vault maps discovered:
D:1:      dpeg_arrival_prison, layout_basic
D:2:      layout_basic, chequers_decorated_corner, grunt_ministairs_10,
          minmay_hexomino_p4, uniq_robin, uniq_terence

Skill      XL: |  1  2 |
---------------+-------+-----
Conjurations   | 5 |  5.3
Dodging        | |  2.4
Stealth        | |  2.4
Spellcasting   | |  3.9

Action                     || total
---------------------------++-------
  Melee: Short sword       ||     3
   Cast: Magic Dart        ||    46
         Searing Ray       ||     8
    Use: Potion            ||     1
         Scroll            ||     1
 Armour: Robe              ||    20
  Dodge: Dodged            ||    25
